 Dungeon Crawl Stone Soup version 0.21.1-1-g345015f (webtiles) character file.

1488 vatarom the Changer (level 8, -7/76 HPs)
             Began as a Naga Transmuter on May 9, 2018.
             Was a Believer of Cheibriados.
             Killed by divine providence
             ... invoked by an orc priest
              (14 damage)
             ... on level 7 of the Dungeon.
             The game lasted 00:17:04 (6374 turns).

vatarom the Changer (Naga Transmuter)               Turns: 6374, Time: 00:17:05

Health: -7/76      AC:  6    Str: 16    XL:     8   Next: 80%
Magic:  16/20      EV: 11    Int: 20    God:    Cheibriados [**....]
Gold:   308        SH:  0    Dex: 18    Spells: 1/11 levels left

rFire    . . .     SeeInvis +     - Unarmed
rCold    + + +     Gourm    +   (shield currently unavailable)
rNeg     . . .     Faith    .   (armour currently unavailable)
rPois    +         Spirit   .   (helmet currently unavailable)
rElec    .         Reflect  .   (cloak currently unavailable)
rCorr    .         Harm     .   (gloves currently unavailable)
MR       +....                  (no barding)
Stlth    +++.......             u - amulet of the gourmand
HPRegen  0.22/turn              f - ring of protection from fire
MPRegen  0.17/turn              p - ring of magical power

@: ice-form, very slow
A: large, see invisible, clever 1, slow metabolism 1, spit poison 1, MP-powered
wands, AC +2
a: Spit Poison, End Transformation, Bend Time, Renounce Religion


You were on level 7 of the Dungeon.
You worshipped Cheibriados.
Cheibriados was pleased with you.
You were very full.
You were a creature of crystalline ice.
You visited 2 branches of the dungeon, and saw 8 of its levels.

You collected 330 gold pieces.
You spent 22 gold pieces at shops.

Inventory:

Missiles
 a - 64 arrows
Armour
 b - a +0 pair of gloves (melded)
 e - a +2 robe of magic resistance (melded)
 o - a +0 buckler
 t - a +0 cloak (melded)
Jewellery
 f - a ring of protection from fire (left front paw)
 l - an uncursed ring of positive energy
 p - a ring of magical power (right front paw)
 u - an amulet of the gourmand (around neck)
 x - an uncursed ring of fire
Wands
 i - a wand of paralysis (66)
Scrolls
 h - a scroll of random uselessness
 j - 7 scrolls of identify
 k - a scroll of remove curse
 q - a scroll of enchant weapon
 r - a scroll of noise
 s - a scroll of immolation
 v - a scroll of magic mapping
Potions
 m - 2 potions of might
Books
 c - a book of Changes

   Spells                             Type                      Level
   a - Beastly Appendage              Transmutation                1
   b - Sticks to Snakes               Transmutation                2
   c - Spider Form                    Transmutation/Poison         3
   d - Ice Form                       Ice/Transmutation            4
   e - Blade Hands                    Transmutation                5
 w - a book of Maledictions

   Spells                             Type                      Level
   a - Corona                         Hexes                        1
   b - Ensorcelled Hibernation        Hexes/Ice                    2
   c - Confuse                        Hexes                        3
   d - Tukima's Dance                 Hexes                        3
   e - Dazzling Spray                 Conjuration/Hexes            3
Comestibles
 d - 6 rations


   Skills:
 - Level 1.0 Fighting
 - Level 2.6 Dodging
 - Level 5.5 Stealth
 + Level 6.0 Unarmed Combat
 - Level 2.0 Spellcasting
 * Level 6.4 Transmutations
 * Level 3.9 Ice Magic
 + Level 2.8 Invocations


You had one spell level left.
You knew the following spells:

 Your Spells              Type           Power        Failure   Level  Hunger
a - Beastly Appendage     Tmut           ####..       1%          1    #......
b - Sticks to Snakes      Tmut           ####....     1%          2    ##.....
c - Spider Form           Tmut/Pois      ##........   12%         3    ###....
d - Ice Form              Ice/Tmut       ###.....     19%         4    #####..


Dungeon Overview and Level Annotations

Branches:
Dungeon (7/15)             Temple (1/1) D:6

Altars:
Ashenzari
Cheibriados
Dithmenos
Elyvilon
Fedhas
Gozag
Hepliaklqana
Makhleb
Okawaru
Qazlal
Sif Muna
Trog
Vehumet
Zin
The Shining One

Shops:
D:5 }   D:6 ?*=*


Innate Abilities, Weirdness & Mutations

You cannot wear boots.
((Your serpentine skin is tough. (AC +2)))
You have supernaturally acute eyesight. (SInv)
((Armour fits poorly on your strangely shaped body.))
((Your system is resistant to poisons. (rPois)))
((You cover ground very slowly.))
You have a slow metabolism.
You can spit poison.
((You have a pair of small antennae on your head.))
Your mind is acute. (Int +2)
You expend magic power (3 MP) to strengthen your wands.


Message History

Cornered, the orc warrior turns to fight!
The orc priest invokes the aid of Beogh against you.
Beogh smites you! The orc warrior hits you with a flail!
The orc warrior hits you with a flail!!
* * * LOW HITPOINT WARNING * * *
Unknown command.
Okay, then.
Casting: Spider Form
Confirm with . or Enter, or press ? or * to list all spells.
You turn into a creature of crystalline ice.
Your +0 cloak melds into your body.
Your +0 pair of gloves melds into your body.
Your +2 robe of magic resistance melds into your body.
You feel less resistant to hostile enchantments.
The orc warrior closely misses you.
You are too injured to fight recklessly!
You hit the orc warrior but do no damage.
The orc priest calls down the wrath of Beogh upon you.
Beogh smites you!
You die...

##.#.#..#.#####......# #. #
..#.#.........###.#.# #.
#.##.........#..## ##..## #.
#...P....#####>.# ##...####.
#...o..### #..####.........
#P._.o.# #.#.##...[....#.
#P.....#######...............
#..Po....ooo.#######.......#.
#.#.########Y# #....#.... ..
#.# #..#...... ## #.#
#....#.#..
##.#######.#.##.#..
###............# # .
#....#######.... #.#.##
#>#####.#.# #.........#


You could see an orc warrior, an orc priest and an orc.

Vanquished Creatures
  A sky beast (D:6)
  The ghost of appiemonkey the Chucker, an amateur TrHu (D:3)
  An ogre (D:7)
  2 centaurs (D:7)
  A bullfrog (D:6)
  6 killer bees (D:7)
  2 howler monkeys
  4 vampire bats (D:6)
  A centaur zombie (D:6)
  2 jellies (D:6)
  2 hounds (D:4)
  An orc priest (D:4)
  Terence (D:2)
  An iguana (D:4)
  A hound skeleton (D:6)
  A hound zombie (D:5)
  2 gnolls (D:7)
  5 adders
  2 worms
  3 dart slugs
  3 leopard geckos
  6 orcs
  7 bats
  5 giant cockroaches
  9 goblins
  3 hobgoblins
  12 jackals
  6 kobolds
  3 quokkas
  3 ball pythons
  5 frilled lizards
  2 quokka zombies
  9 rats
113 creatures vanquished.

Vanquished Creatures (collateral kills)
  An ogre (D:7)
  2 crimson imps
  Robin (D:2)
  A gnoll (D:7)
  An adder (D:6)
  A leopard gecko (D:7)
  3 orcs
  8 goblins (D:2)
  A hobgoblin (D:2)
  A jackal (D:7)
  A frilled lizard (D:1)
  A rat (D:2)
22 creatures vanquished.

Vanquished Creatures (others)
  9 fungi (D:7)
  2 plants (D:7)
11 creatures vanquished.

Grand Total: 146 creatures vanquished

Notes
Turn   | Place    | Note
-------+----------+-------------------------------------------
     0 | D:1      | vatarom the Naga Transmuter began the quest for the Orb.
     0 | D:1      | Reached XP level 1. HP: 18/18 MP: 3/3
   238 | D:1      | Reached skill level 1 in Stealth
   238 | D:1      | Reached XP level 2. HP: 15/25 MP: 3/5
   259 | D:1      | Learned a level 2 spell: Sticks to Snakes
   934 | D:1      | Reached XP level 3. HP: 31/31 MP: 4/6
  1222 | D:2      | Noticed Terence
  1259 | D:2      | Killed Terence
  1332 | D:2      | Reached XP level 4. HP: 30/38 MP: 7/7
  1365 | D:2      | Noticed Robin
  1402 | D:2      | Killed Robin
  1411 | D:2      | HP: 1/38 [hobgoblin/club[Robin] (10)]
  1750 | D:2      | Learned a level 3 spell: Spider Form
  2332 | D:3      | Noticed appiemonkey's ghost (amateur TrHu)
  2343 | D:3      | Gained mutation: Your mind is acute. (Int +2) [potion of mutation]
  2343 | D:3      | Gained mutation: You expend magic power (3 MP) to strengthen your wands. [potion of mutation]
  2343 | D:3      | Gained mutation: You have a pair of small antennae on your head. [potion of mutation]
  2349 | D:3      | Killed appiemonkey's ghost
  2349 | D:3      | Reached XP level 5. HP: 16/44 MP: 2/8
  2732 | D:3      | Found an opulent altar of Gozag.
  3462 | D:4      | Reached XP level 6. HP: 37/51 MP: 9/9
  4207 | D:5      | Entered Level 5 of the Dungeon
  4523 | D:5      | Found Zeomuhax's Gadget Emporium.
  4684 | D:6      | Found Taogh's Magic Scroll Boutique.
  4704 | D:6      | Bought a scroll of identify for 22 gold pieces
  4734 | D:6      | Noticed a sky beast
  4747 | D:6      | Killed a sky beast
  4747 | D:6      | Reached skill level 5 in Stealth
  4747 | D:6      | Reached skill level 5 in Unarmed Combat
  4747 | D:6      | Reached XP level 7. HP: 39/57 MP: 10/10
  4862 | D:6      | Found a staircase to the Ecumenical Temple.
  4871 | Temple   | Entered the Ecumenical Temple
  4926 | Temple   | Became a worshipper of Cheibriados the Contemplative
  5010 | D:6      | Learned a level 4 spell: Ice Form
  5040 | D:6      | Reached skill level 5 in Transmutations
  5040 | D:6      | Reached skill level 1 in Ice Magic
  5099 | D:6      | Found Saha's Assorted Antiques.
  5099 | D:6      | Found Vaeck's Jewellery Emporium.
  5314 | D:6      | Found Ofuy's General Store.
  5407 | D:6      | Reached skill level 1 in Invocations
  5430 | D:6      | Reached XP level 8. HP: 60/64 MP: 11/11
  5488 | D:6      | Reached * piety under Cheibriados
  5903 | D:7      | Found a bloodstained altar of Trog.
  5903 | D:7      | Found a stormy altar of Qazlal.
  5903 | D:7      | Found an iron altar of Okawaru.
  5903 | D:7      | Found a glowing silver altar of Zin.
  5910 | D:7      | Found a white marble altar of Elyvilon.
  5910 | D:7      | Found a burning altar of Makhleb.
  6168 | D:7      | Reached ** piety under Cheibriados
  6359 | D:7      | Found a blossoming altar of Fedhas.
  6374 | D:7      | Killed from afar by an orc priest

Skill      XL: |  1  2  3  4  5  6  7  8 |
---------------+-------------------------+-----
Stealth        | 1 2 3 4 5 |  5.5
Dodging        | 2 |  2.6
Unarmed Combat | 4 5 6 |  6.0
Transmutations | 3 4 5 6 |  6.4
Ice Magic      | 2 3 |  3.9
Invocations    | 1 2 |  2.8
Fighting       | |  1.0
Spellcasting   | |  2.0

Action                   |  1- 3 |  4- 6 |  7- 9 || total
-------------------------+-------+-------+-------++-------
Melee: Unarmed           |    67 |   190 |   176 ||   433
       Headbutt          |     3 |       |       ||     3
       Punch             |     2 |     1 |     4 ||     7
 Cast: Beastly Appendage |     7 |     2 |       ||     9
       Sticks to Snakes  |     1 |     9 |    15 ||    25
       Spider Form       |       |     9 |     5 ||    14
       Ice Form          |       |       |     2 ||     2
 Abil: Spit Poison       |    12 |    12 |       ||    24
  Use: Scroll            |     1 |     4 |     8 ||    13
       Potion            |       |     4 |     1 ||     5
 Stab: Sleeping          |     1 |    10 |     2 ||    13
       Distracted        |       |       |     1 ||     1
  Eat: Chunk             |     1 |     6 |    10 ||    17
       Ration            |       |     2 |     1 ||     3
Armor: Robe              |     7 |    43 |    73 ||   123
       Skin              |       |     5 |    32 ||    37
Dodge: Dodged            |    29 |   117 |   152 ||   298
